 Dungeon Crawl Stone Soup version 0.22.0-1-g6561e4c (webtiles) character file.

1859 Gergoth the Cleaver (level 9, -2/79 HPs)
             Began as a Hill Orc Fighter on Aug 12, 2018.
             Slain by Duvessa
             ... wielding a +0 short sword
              (11 damage)
             ... on level 7 of the Dungeon.
             The game lasted 00:07:10 (5011 turns).

Gergoth the Cleaver (Hill Orc Fighter)              Turns: 5011, Time: 00:07:11

Health: -2/79      AC: 14    Str: 27    XL:     9   Next: 13%
Magic:  9/9        EV:  8    Int:  8    God:
Gold:   322        SH: 11    Dex: 10    Spells: 8/8 levels left

rFire    . . .     SeeInvis .   a - +0 war axe
rCold    . . .     Gourm    .   c - +0 shield
rNeg     . . .     Faith    .   b - +0 scale mail
rPois    .         Spirit   .   s - +0 helmet
rElec    .         Reflect  .   q - +0 cloak
rCorr    .         Harm     .   r - +2 pair of gloves
MR       .....                  l - +0 pair of boots
Stlth    ..........             (no amulet)
HPRegen  0.23/turn              (no ring)
MPRegen  0.11/turn              (no ring)

@: mighty, fainting
A: no striking features
a: no special abilities


You were on level 7 of the Dungeon.
You were fainting.

You visited 1 branch of the dungeon, and saw 7 of its levels.

You collected 322 gold pieces.

Inventory:

Hand Weapons
 a - a +0 war axe (weapon)
Armour
 b - a +0 scale mail (worn)
 c - a +0 shield (worn)
 l - a +0 pair of boots (worn)
 q - a +0 cloak (worn)
 r - a +2 pair of gloves (worn)
 s - a +0 helmet (worn)
Jewellery
 n - a +3 amulet of reflection
Wands
 p - a wand of iceblast (7)
 x - a wand of enslavement (6)
 z - a wand of digging (23)
Scrolls
 h - 3 scrolls of enchant weapon
 j - 4 scrolls of remove curse
 k - 7 scrolls of amnesia
 t - 2 scrolls of fear
 u - a scroll of teleportation
 v - a scroll of noise
 y - a scroll of blinking
 A - a scroll of immolation
Potions
 d - 4 potions of might
 g - 2 potions of brilliance {unknown}
 i - 2 potions of degeneration {unknown}
 o - 2 potions of heal wounds {unknown}
Comestibles
 f - 11 rations
 w - a chunk of flesh


   Skills:
 + Level 7.2 Fighting
 * Level 9.9 Axes
 + Level 6.5 Armour
 + Level 6.4 Shields


You had 8 spell levels left.
You didn't know any spells.
Your spell library contained the following spells:

 Spells                   Type           Power        Failure   Level  Hunger
 Animate Dead             Necr           N/A          100%        4    #####..
 Pain                     Necr           #...         95%         1    ##.....
 Animate Skeleton         Necr           N/A          95%         1    ##.....
 Vampiric Draining        Necr           #.........   100%        3    ####...
 Regeneration             Chrm/Necr      #.........   100%        3    ####...


Dungeon Overview and Level Annotations

Branches:
Dungeon (7/15)
 Temple: D:4-7

Altars:
Dithmenos
Elyvilon
Gozag
Makhleb
Ru
Sif Muna
Vehumet

Annotations:
D:6 2 transporters, HydraWiggins's ghost, novice TrAE
D:7 Duvessa


Message History

* * * LOW HITPOINT WARNING * * *
You feel sick. You block Duvessa's attack. The hungry ghost hits you.
You feel somewhat more hungry.
Your shield and scale mail prevent you from hitting Duvessa.
Duvessa is severely wounded.
You miss the hungry ghost.
* * * LOW HITPOINT WARNING * * *
You feel sick. Duvessa hits you with a short sword.
* * * LOW HITPOINT WARNING * * *
You block Duvessa's attack. The hungry ghost hits you.
You feel somewhat more hungry.
Your shield prevents you from hitting Duvessa.
Duvessa is severely wounded.
You barely miss the hungry ghost.
* * * LOW HITPOINT WARNING * * *
You feel sick. Duvessa hits you but does no damage. The hungry ghost hits you.
You are fainting from starvation!
You feel better. Duvessa hits you but does no damage.
Duvessa hits you with a short sword!
You die...

.........# #.
#........#
#...#........#
#...#........#
#...#?.......#
.............#
#######......e)....+
###.....#.###..†@!...#
...............W.....#
<.......#.####†#######
#.......#.##.'_+
.............#+#
##.....#.####
#.....#>.. #.....#W###
#.....#.#


You could see a hungry ghost and Duvessa (berserk).

Vanquished Creatures
  A sky beast (D:6)
  2 ogres
  A centaur (D:7)
  2 bullfrogs (D:6)
  Dowan (D:7)
  2 scorpions
  4 wights (D:6)
  A crimson imp (D:5)
  A bullfrog zombie (D:5)
  A jelly (D:7)
  A quasit (D:6)
  2 orc priests (D:6)
  10 orc wizards
  5 hounds
  2 iguanas
  4 worker ants
  A hound skeleton (D:7)
  A howler monkey skeleton (D:4)
  13 adders
  2 shadow imps (D:5)
  3 oozes
  2 adder skeletons
  An adder zombie (D:5)
  3 worms
  A dart slug (D:3)
  4 leopard geckos
  13 orcs
  9 giant cockroaches
  6 goblins
  9 hobgoblins
  16 jackals
  6 kobolds
  2 quokkas (D:5)
  A ball python (D:2)
  6 bats
  5 frilled lizards
  A leopard gecko zombie (D:7)
  12 rats
157 creatures vanquished.

Notes
Turn   | Place    | Note
-------+----------+-------------------------------------------
     0 | D:1      | Gergoth the Hill Orc Fighter began the quest for the Orb.
     0 | D:1      | Reached XP level 1. HP: 19/19 MP: 1/1
    49 | D:1      | Reached skill level 3 in Axes
    80 | D:1      | Reached XP level 2. HP: 26/27 MP: 2/2
   434 | D:1      | Reached XP level 3. HP: 33/33 MP: 3/3
   742 | D:2      | Found a shadowy altar of Dithmenos.
   781 | D:2      | Reached skill level 4 in Axes
   794 | D:2      | Reached XP level 4. HP: 34/40 MP: 4/4
  1012 | D:2      | You fall through a shaft for 2 floors!
  1012 | D:4      | Found a burning altar of Makhleb.
  1020 | D:4      | Reached XP level 5. HP: 38/47 MP: 5/5
  1047 | D:4      | Reached skill level 5 in Axes
  1084 | D:4      | Reached XP level 6. HP: 32/53 MP: 6/6
  1216 | D:4      | Reached skill level 5 in Fighting
  1216 | D:4      | Reached skill level 6 in Axes
  1837 | D:4      | Reached XP level 7. HP: 61/61 MP: 7/7
  2253 | D:3      | Found a white marble altar of Elyvilon.
  2649 | D:5      | Entered Level 5 of the Dungeon
  2901 | D:5      | Reached skill level 5 in Armour
  2905 | D:5      | Reached skill level 7 in Axes
  2982 | D:5      | Reached skill level 5 in Shields
  3621 | D:6      | Noticed HydraWiggins's ghost (novice TrAE)
  3622 | D:6      | Found a transporter.
  3646 | D:6      | Reached XP level 8. HP: 51/70 MP: 8/8
  3762 | D:6      | Reached skill level 8 in Axes
  3835 | D:6      | Found a transporter.
  4574 | D:6      | Reached skill level 9 in Axes
  4939 | D:7      | Found a radiant altar of Vehumet.
  4939 | D:7      | Found an opulent altar of Gozag.
  4939 | D:7      | Found a deep blue altar of Sif Muna.
  4971 | D:7      | Reached XP level 9. HP: 65/79 MP: 9/9
  4984 | D:7      | Found a sacrificial altar of Ru.
  4986 | D:7      | Noticed Duvessa
  4986 | D:7      | Noticed Dowan
  5007 | D:7      | Killed Dowan
  5009 | D:7      | HP: 3/79 [Duvessa/short sword (3)]
  5010 | D:7      | HP: 1/79 [poisoned by Dowan]
  5011 | D:7      | Slain by Duvessa

Skill      XL: |  1  2  3  4  5  6  7  8 |
---------------+-------------------------+-----
Axes           | 3 4 5 6 7 9 |  9.9
Fighting       | 4 5 7 |  7.2
Armour         | 4 5 6 |  6.5
Shields        | 4 5 6 |  6.4

Action                   |  1- 3 |  4- 6 |  7- 9 || total
-------------------------+-------+-------+-------++-------
Melee: War axe           |    92 |   122 |   400 ||   614
  Use: Scroll            |       |       |     9 ||     9
       Potion            |       |       |     2 ||     2
  Eat: Chunk             |       |     3 |    11 ||    14
Armor: Scale mail        |    46 |    78 |   252 ||   376
Dodge: Dodged            |    50 |    45 |   121 ||   216
Block: Shield            |    56 |    58 |   216 ||   330
